 Dungeon Crawl Stone Soup version 0.21-a0-404-g291f19a (webtiles) character file.

65 Smithy the Skirmisher (level 4, -1/37 HPs)
             Began as a Formicid Abyssal Knight on Oct 27, 2017.
             Was a Believer of Lugonu.
             Slain by Grinder (4 damage)
             ... on level 3 of the Dungeon.
             The game lasted 00:08:40 (3003 turns).

Smithy the Skirmisher (Formicid Abyssal Knight)     Turns: 3003, Time: 00:08:41

Health: -1/37      AC: 13    Str: 17    XL:     4   Next: 34%
Magic:  5/5        EV:  5    Int: 12    God:    Lugonu [**....]
Gold:   135        SH:  0    Dex: 10    Spells: 3/3 levels left

rFire    . . .     SeeInvis +   a - +2 spear
rCold    . . .     Gourm    .   (no shield)
rNeg     . . .     Faith    +   t - +1 plate armour
rPois    +         Spirit   .   (helmet unavailable)
rElec    .         Reflect  .   s - +0 cloak
rCorr    .         Harm     .   (no gloves)
MR       .....                  (no boots)
Stlth    ..........             e - amulet of faith
HPRegen  0.12/turn              f - ring of see invisible
MPRegen  0.09/turn              n - ring of poison resistance

@: no status effects
A: permanent stasis, dig shafts and tunnels, four strong arms, antennae 3
a: Dig, Shaft Self, Depart the Abyss, Bend Space, Renounce Religion


You were on level 3 of the Dungeon.
You worshipped Lugonu.
Lugonu was pleased with you.
You were near starving.

You visited 1 branch of the dungeon, and saw 3 of its levels.
You visited the Abyss 1 time.

You collected 135 gold pieces.

Inventory:

Hand Weapons
 a - a +2 spear (weapon)
Armour
 b - a +0 leather armour
 l - a +3 chain mail of cold resistance
 s - a +0 cloak (worn)
 t - a +1 plate armour (worn)
Jewellery
 e - an amulet of faith (around neck)
 f - a ring of see invisible (left hand)
 n - a ring of poison resistance (right hand)
Wands
 j - a wand of random effects (14/48)
Scrolls
 g - a scroll of remove curse
 i - a scroll of magic mapping
 m - a scroll of recharging {unknown}
 v - a scroll of identify {unknown}
Potions
 h - a potion of agility {unknown}
 k - a potion of invisibility {unknown}
 p - a potion of haste
 q - a potion of magic {unknown}
 r - a potion of curing
 w - a potion of cancellation {unknown}
Comestibles
 c - 2 bread rations
 o - 2 meat rations


   Skills:
 + Level 4.2 Fighting
 + Level 2.7 Polearms
 + Level 2.7 Armour
 + Level 1.2 Dodging
 + Level 0.8 Stealth
 + Level 2.2 Invocations


You had 3 spell levels left.
You didn't know any spells.

Dungeon Overview and Level Annotations

Branches:
Dungeon (3/15)

Altars:
Gozag
Okawaru
Ru
Uskayaw

Annotations:
D:3 Grinder


Innate Abilities, Weirdness & Mutations

You cannot be hasted, slowed, berserked, paralysed or teleported.
You can dig through walls and to a lower floor.
Your four strong arms can wield two-handed weapons with a shield.
You have a pair of large antennae on your head. (SInv)


Message History

* * * LOW HITPOINT WARNING * * *
Things that are here:
a spear; a club Your plate armour prevents you from hitting Grinder.
Grinder is moderately wounded.
Grinder hits you.
* * * LOW HITPOINT WARNING * * *
You writhe in agony.
* * * LOW HITPOINT WARNING * * *
You hit Grinder.
Grinder is heavily wounded.
Grinder gestures at you.
Your stasis prevents you from being paralysed.
You hit Grinder.
Grinder is heavily wounded.
Grinder hits you but does no damage.
You hit Grinder.
Grinder is severely wounded.
Grinder hits you.
You die...

#5# #.##.................#
#.# ##.##.......###......(#
#.# #...........# #.......#
#.# #...........# #.......#
#.# #...........# #.......#
#.# #...........###.......#
#.###..................####
#.............5........#
###########..<@....(...#
#.................#
#.#########.......#
###.............#
.........####.###
###....#.# .#
#.....#.####.###
#..............#
#####.##.......#


You could see Grinder.

Vanquished Creatures
  Terence (D:2)
  An adder (D:2)
  An orc (D:3)
  A ball python (D:2)
  2 giant cockroaches
  6 goblins
  3 hobgoblins
  4 jackals (D:2)
  2 kobolds
  A quokka (D:2)
  2 bats
  5 frilled lizards (D:1)
  A rat (D:1)
30 creatures vanquished.

Notes
Turn   | Place    | Note
-------+----------+-------------------------------------------
     0 | Abyss:1  | Smithy the Formicid Abyssal Knight began the quest for the Orb.
     0 | Abyss:1  | Reached XP level 1. HP: 18/18 MP: 2/2
     4 | D:1      | Escaped the Abyss
    84 | D:1      | Reached skill level 1 in Dodging
   511 | D:1      | Reached XP level 2. HP: 18/25 MP: 3/3
  1113 | D:2      | Found a sacrificial altar of Ru.
  1456 | D:2      | Reached skill level 4 in Fighting
  1456 | D:2      | Reached XP level 3. HP: 30/30 MP: 4/4
  1490 | D:2      | Noticed Terence
  1514 | D:2      | Killed Terence
  1514 | D:2      | Reached XP level 4. HP: 29/37 MP: 5/5
  1561 | D:2      | Reached ** piety under Lugonu
  1766 | D:2      | Found an iron altar of Okawaru.
  1766 | D:2      | Found a hide-covered altar of Uskayaw.
  1768 | D:2      | Found an opulent altar of Gozag.
  2096 | D:3      | Noticed Grinder
  3003 | D:3      | Slain by Grinder

Vault maps used:
D:1:      shiori_angband_town
D:2:      nicolae_overflow_hidden_temple, nicolae_ru_sacrificial_ziggurat,
          uniq_terence
D:3:      lemuel_doored_altar, uniq_grinder
Abyss:1:  bh_abyss_exit_choice

Skill      XL: |  1  2 |
---------------+-------+-----
Dodging        | 1 |  1.2
Fighting       | 4 |  4.2
Polearms       | |  2.7
Armour         | |  2.7
Stealth        | |  0.8
Invocations    | |  2.2

Action                   |  1- 3 |  4- 6 || total
-------------------------+-------+-------++-------
Melee: Spear             |   100 |    55 ||   155
 Abil: Dig               |       |     1 ||     1
  Use: Scroll            |     7 |       ||     7
       Potion            |       |     1 ||     1
 Stab: Sleeping          |     1 |       ||     1
  Eat: Chunk             |     2 |     2 ||     4
       Royal jelly       |       |     1 ||     1
Armor: Leather armour    |     8 |       ||     8
       Plate armour      |    21 |    23 ||    44
Dodge: Dodged            |    30 |    10 ||    40

Table legend:
 A = Spawn XP
 B = Non-spawn XP
 C = Spawn XP percentage of total XP
 D = Spawn monster count
 E = Non-spawn monster count
 F = Spawn count percentage of total count
 G = Total turns spent on level
                    A         B        C        D         E        F      G
               +---------+---------+-------+---------+---------+-------+---------
         Total |       0 |      93 |   0.0 |       0 |      30 |   0.0 |  3003
               +---------+---------+-------+---------+---------+-------+---------
           D:1 |       0 |      20 |   0.0 |       0 |      14 |   0.0 |  1074
           D:2 |       0 |      64 |   0.0 |       0 |      12 |   0.0 |  1689
           D:3 |       0 |       9 |   0.0 |       0 |       4 |   0.0 |   236
               +---------+---------+-------+---------+---------+-------+---------
